 Dungeon Crawl Stone Soup version 0.32-a0-42-ga30500b4d3 (webtiles) character file.

Game seed: 5021597672987030848

16179 Newt the Skirmisher (level 12, -8/72 HPs)
             Began as a Kobold Hunter on Jan 28, 2024.
             Was an Elder of Hepliaklqana.
             Mangled by a three-headed hydra simulacrum (13 damage)
             ... in an ice cave.
             The game lasted 00:13:37 (11521 turns).

Newt the Skirmisher (Kobold Hunter)                Turns: 11521, Time: 00:13:38

Health: -8/72      AC:  4    Str:  8    XL:     12   Next: 66%
Magic:  18/18      EV: 25    Int: 14    God:    Hepliaklqana [****..]
Gold:   2023       SH:  0    Dex: 29    Spells: 14/14 levels left

rFire   . . .        m - +5 sling "Killer Klown's Peril" {drain, Int+3}
rCold   + . .        (no shield)
rNeg    . . .        G - +0 troll leather armour
rPois   .            z - +1 hat
rElec   .            (no cloak)
rCorr   .            (no gloves)
SInv    .            (no boots)
Will    .....        l - amulet of faith
Stlth   +++          b - +6 ring of dexterity
HPRegen 1.12/turn    B - ring of protection from cold
MPRegen 0.16/turn

%: faith
@: no status effects
A: reduced essence, small, no large weapons, nightstalker 3
a: Renounce Religion, Recall Ancestor, Ancestor Identity, Transference, Idealise


You were in an ice cave.
You worshipped Hepliaklqana.
Hepliaklqana was greatly pleased with you.
You visited 2 branches of the dungeon, and saw 12 of its levels.
You also visited: Bailey and Ice Cave.

You collected 2023 gold pieces.

Inventory:

Hand Weapons
 a - a +1 shortbow of freezing
 m - the +5 sling "Killer Klown's Peril" (weapon) {drain, Int+3}
   (You took it off an orc warrior in a bailey)

   Int+3:     It affects your intelligence (+3).
Missiles
 y - 2 throwing nets
Armour
 c - a +0 leather armour
 h - a +0 helmet
 p - a +0 leather armour of fire resistance
 z - a +1 hat (worn)
 G - a +0 troll leather armour (worn)
Jewellery
 b - a +6 ring of dexterity (left hand)
 l - an amulet of faith (around neck)
 r - an amulet of magic regeneration
 u - the ring "Nemeoher" {Fire +Blink rPois Int+3 Dex+2}
   (You found it on level 7 of the Dungeon)

   [ring of fire]

   Fire:      It enhances your fire magic.
   Int+3:     It affects your intelligence (+3).
   Dex+2:     It affects your dexterity (+2).
   rF+:       It protects you from fire.
   rC-:       It makes you vulnerable to cold.
   rPois:     It protects you from poison +Blink: It lets you blink.
 B - a ring of protection from cold (right hand)
Wands
 n - a wand of quicksilver (12)
 v - a wand of digging (5)
 F - a wand of paralysis (6)
 H - a wand of flame (10)
Scrolls
 e - 3 scrolls of amnesia
 i - a scroll of vulnerability
 k - 2 scrolls of revelation
 s - a scroll of poison
 t - 3 scrolls of brand weapon
 x - 4 scrolls of teleportation
 C - 3 scrolls of fog
 D - 2 scrolls of fear
Potions
 d - 4 potions of lignification
 f - a potion of curing
 g - 4 potions of resistance
 j - a potion of attraction
 o - 2 potions of mutation
 q - a potion of degeneration
 w - 3 potions of enlightenment
 A - 2 potions of cancellation
 E - a potion of might {unknown}
 I - a potion of berserk rage {unknown}


   Skills:
 - Level 11.5 Fighting
 - Level 13.3 Ranged Weapons
 - Level 10.2 Dodging
 - Level 1.3 Stealth
 + Level 1.8 Spellcasting
 + Level 1.7 Hexes
 + Level 1.7 Fire Magic
 - Level 9.0 Invocations
 - Level 8.5 Evocations


You had 14 spell levels left.
You didn't know any spells.
Your spell library contained the following spells:

 Spells                   Type           Power      Damage    Failure   Level
 Inner Flame              Hex/Fire       6%         N/A       45%         3
 Blink                    Tloc           2%         N/A       47%         2
 Cigotuvi's Dreadful Rot  Necr/Alch/Air  2%         N/A       47%         2
 Lesser Beckoning         Tloc           2%         N/A       47%         2
 Momentum Strike          Conj/Tloc      2%         3d8       47%         2
 Static Discharge         Conj/Air       2%         3-4/arc   47%         2
 Ozocubu's Armour         Ice            1%         N/A       71%         3
 Airstrike                Air            0%         2d(1-17)  98%         4
 Dispel Undead            Necr           1%         3d6       98%         4
 Martyr's Knell           Necr/Summ      1%         N/A       98%         4
 Summon Lightning Spire   Summ/Air       1%         N/A       98%         4
 Irradiate                Conj/Alch      0%         3d11      100%        5
 Metabolic Englaciation   Hex/Ice        1%         N/A       100%        5
 Death Channel            Necr           0%         N/A       100%        6
 Sculpt Simulacrum        Ice/Alch       0%         N/A       100%        6
 Ignition                 Fire           3%         3d4       100%        8


Dungeon Overview and Level Annotations

Branches:
Dungeon (11/15)            Temple (1/1) D:5            Lair (0/5) D:10
    Orc (0/2) D:10         Bailey (visited)           IceCv (1/1)

Altars:
Cheibriados
Dithmenos
Elyvilon
Fedhas
Gozag
Hepliaklqana
Kikubaaqudgha
Makhleb
Nemelex Xobeh
Okawaru
Ru
Sif Muna
Trog
Uskayaw
Vehumet
Wu Jian
Xom
Yredelemnul
Zin
The Shining One

Annotations:
Temple 4 transporters


Innate Abilities, Weirdness & Mutations

Your life essence is reduced to manifest your ancestor. (-10% HP)
You are small and have problems with some larger weapons.
You are completely attuned to the shadows.


Message History

The sling bullet hits the anaconda simulacrum!
The anaconda simulacrum vaporises!
No target in view!
You start resting.
HP restored.
You open the door.
A three-headed hydra simulacrum comes into view.
A three-headed hydra simulacrum is nearby!
You shoot a sling bullet.
The sling bullet hits the three-headed hydra simulacrum!
The three-headed hydra simulacrum is moderately damaged.
You shoot a sling bullet.
The sling bullet hits the three-headed hydra simulacrum but does no damage.
The three-headed hydra simulacrum is moderately damaged.
The three-headed hydra simulacrum bites you.
The three-headed hydra simulacrum freezes you!!
You resist.
The three-headed hydra simulacrum bites you.
The three-headed hydra simulacrum freezes you!
You resist.
The three-headed hydra simulacrum bites you.
The three-headed hydra simulacrum freezes you!
You resist.
* * * LOW HITPOINT WARNING * * *
Okay, then.
Fire: m) +5 sling "Killer Klown's Peril" {drain, Int+3}
Press: ? - help, Shift-Dir - straight line, f/p - three-headed hydra simulacrum
Aim: a three-headed hydra simulacrum (moderately damaged, 98% to hit)
Okay, then.
Unknown command.
Okay, then.
Aiming: Paralyse
Press: ? - help, Shift-Dir - straight line, f/p - three-headed hydra simulacrum
Aim: a three-headed hydra simulacrum (moderately damaged, chance to affect: 71%)
The three-headed hydra simulacrum struggles to resist.
The three-headed hydra simulacrum bites you.
* * * LOW HITPOINT WARNING * * *
The three-headed hydra simulacrum freezes you!
You resist.
You die...

##+#...#'###
#...#...#
#...###.###
#...#.#...#
#+#...#'###'#
+.......'.#.#
###.8...8.###.#
#.Z.......'.#.#
###@8...8.###.#
+...........'.#
###.8...8.###.#
#.'.......'.#.#
###.8...8.###.#
+.......+ #.#
####+#### #+#


You could see a three-headed hydra simulacrum.

Vanquished Creatures
  Gastronok (D:8)
  An orc warlord (Bailey)
  Sonja (D:10)
  Lodul (D:10)
  An orc knight (Bailey)
  A gargoyle (D:9)
  An ice statue (IceCv)
  An unseen horror (D:10)
  2 ice devils (IceCv)
  3 anaconda simulacra (IceCv)
  A troll (D:11)
  A vampire (D:9)
  2 dire elephant simulacra (IceCv)
  5 yaks
  A warg (D:10)
  2 steam dragons
  8 humans (D:9)
  An acid dragon (D:9)
  A water moccasin (D:7)
  An ice beast (D:5)
  A sky beast (D:6)
  2 black bears (D:5)
  13 orc warriors
  6 ogres
  2 wolves (D:10)
  6 centaurs
  2 kobold brigands
  2 two-headed ogre simulacra (D:11)
  5 bullfrogs
  2 scorpions
  A gnoll sergeant (D:7)
  5 wights (D:6)
  13 killer bees
  An electric eel (D:7)
  2 hounds
  2 jellies
  A gnoll bouda (D:8)
  6 orc priests
  8 iguanas
  2 sleepcaps (D:4)
  9 orc wizards
  A spriggan simulacrum (D:11)
  2 troll simulacra
  2 wolf simulacra (IceCv)
  17 gnolls
  6 adders
  2 naga simulacra
  A shadow imp (D:6)
  A white imp (IceCv)
  A ribbon worm (D:2)
  38 orcs
  7 endoplasms
  7 giant cockroaches
  13 goblins
  11 hobgoblins
  16 jackals
  2 quokkas
  4 ball pythons
  4 bats
  4 frilled lizards (D:2)
  21 kobolds
  4 rats
291 creatures vanquished.

Vanquished Creatures (collateral kills)
  An ice statue (IceCv)
  4 yaks (D:9)
  2 humans (D:9)
  2 orc warriors
  2 ogres (D:10)
  2 centaurs (D:11)
  4 killer bees
  A hound (D:9)
  A gnoll bouda (D:9)
  An orc wizard (D:11)
  3 gnolls (Bailey)
  4 orcs (Bailey)
  5 goblins (Bailey)
  2 hobgoblins (Bailey)
  A jackal (D:9)
35 creatures vanquished.

Vanquished Creatures (others)
  A kobold demonologist (D:11)
  2 kobold brigands (D:11)
  7 knights
  2 ancestors
  A kobold (D:11)
13 creatures vanquished.

Grand Total: 339 creatures vanquished

Notes
Turn   | Place    | Note
-------+----------+-------------------------------------------
     0 | D:1      | Newt the Kobold Hunter began the quest for the Orb.
     0 | D:1      | Reached XP level 1. HP: 12/12 MP: 1/1
    49 | D:1      | Found a faded altar of an unknown god.
   174 | D:1      | Reached XP level 2. HP: 18/18 MP: 2/2
   453 | D:1      | Reached skill level 6 in Ranged Weapons
   543 | D:1      | Reached XP level 3. HP: 20/22 MP: 3/3
  1218 | D:2      | Reached XP level 4. HP: 28/28 MP: 4/4
  1754 | D:3      | Reached skill level 7 in Ranged Weapons
  1854 | D:3      | Identified the +5 scale mail "Konuusee" {rC+}
  1869 | D:3      | Reached XP level 5. HP: 32/32 MP: 5/5
  2074 | D:3      | Found a shimmering blue altar of Sif Muna.
  2356 | D:3      | Found an ornate altar of the Wu Jian Council.
  2431 | D:3      | Reached XP level 6. HP: 38/38 MP: 6/6
  2544 | D:4      | Noticed an ogre
  2631 | D:4      | Killed an ogre
  2632 | D:4      | Reached skill level 8 in Ranged Weapons
  2896 | D:4      | Identified the +3 dagger "Conservator" {venom, rCorr Dex+4}
  3335 | D:5      | Entered Level 5 of the Dungeon
  3337 | D:5      | Noticed an ice beast
  3341 | D:5      | Killed an ice beast
  3342 | D:5      | Reached skill level 9 in Ranged Weapons
  3342 | D:5      | Reached XP level 7. HP: 44/44 MP: 7/7
  3366 | D:5      | Reached skill level 5 in Fighting
  3550 | D:5      | Found a staircase to the Ecumenical Temple.
  3637 | Temple   | Found a transporter.
  3637 | Temple   | Found a transporter.
  3637 | Temple   | Found a transporter.
  3637 | Temple   | Found a transporter.
  3637 | Temple   | Entered the Ecumenical Temple
  3655 | Temple   | Became a worshipper of Hepliaklqana the Forgotten
  3716 | D:5      | Reached skill level 10 in Ranged Weapons
  3745 | D:5      | Reached XP level 8. HP: 41/50 MP: 8/8
  4233 | D:5      | Reached skill level 11 in Ranged Weapons
  4969 | D:6      | Reached skill level 12 in Ranged Weapons
  5167 | D:6      | Reached XP level 9. HP: 28/56 MP: 9/9
  5853 | D:6      | Found a shimmering altar of Xom.
  6000 | D:7      | Reached * piety under Hepliaklqana
  6148 | D:7      | Identified the ring "Nemeoher" {Fire +Blink rPois Int+3
                  | Dex+2}
  6157 | D:7      | Reached skill level 13 in Ranged Weapons
  7018 | D:8      | Noticed Gastronok
  7035 | D:8      | Killed Gastronok
  7036 | D:8      | Reached XP level 10. HP: 59/59 MP: 10/10
  7304 | D:8      | Reached ** piety under Hepliaklqana
  7305 | D:8      | Remembered your ancestor Matia as a knight
  8078 | D:9      | Found a flagged portal.
  8085 | Bailey   | Entered a bailey
  8211 | Bailey   | Reached *** piety under Hepliaklqana
  8223 | Bailey   | Noticed an orc knight
  8247 | Bailey   | Killed an orc knight
  8406 | Bailey   | Reached skill level 10 in Fighting
  8410 | Bailey   | Reached skill level 10 in Dodging
  8642 | Bailey   | Reached skill level 1 in Evocations
  8642 | Bailey   | Reached XP level 11. HP: 64/64 MP: 11/11
  8643 | Bailey   | Noticed an orc warlord
  8710 | Bailey   | Killed an orc warlord
  8860 | Bailey   | Identified the +5 sling "Killer Klown's Peril" {drain,
                  | Int+3}
  9052 | D:9      | Reached skill level 5 in Evocations
  9693 | D:10     | Entered Level 10 of the Dungeon
  9714 | D:10     | Acquired 799 gold pieces
  9749 | D:10     | Found a staircase to the Orcish Mines.
  9757 | D:10     | Reached **** piety under Hepliaklqana
  9896 | D:10     | Found a sparkling altar of Nemelex Xobeh.
  9924 | D:10     | Noticed Sonja
  9943 | D:10     | Killed Sonja
 10424 | D:10     | Reached XP level 12. HP: 57/72 MP: 14/14
 10556 | D:10     | Found a staircase to the Lair.
 10647 | D:10     | Noticed Lodul
 10657 | D:10     | Killed Lodul
 10658 | D:10     | Reached skill level 5 in Invocations
 10942 | D:10     | Found a radiant altar of Vehumet.
 11232 | D:11     | Found a frozen archway.
 11249 | IceCv    | Entered an ice cave
 11440 | IceCv    | Reached skill level 1 in Spellcasting
 11440 | IceCv    | Reached skill level 1 in Hexes
 11440 | IceCv    | Reached skill level 1 in Fire Magic
 11521 | IceCv    | Mangled by a three-headed hydra simulacrum

Illustrated notes

Levels and vault maps discovered:
D:1:      dpeg_arrival_arbitrary_c, layout_loops_cross,
          chequers_ecumenical_altar_simple, minmay_worlds_worst_comb
D:2:      layout_basic, minmay_misc_feat_columns, minmay_misc_feat_pillars,
          minmay_puff
D:3:      layout_loops_ring, mainiacjoe_overflow_catwalk_spiral
D:4:      layout_loops_ring, hellmonk_no_cap
D:5:      layout_loops_ring, minmay_temple_entry_enclosed_plants
D:6:      layout_basic, mainiacjoe_overflow_brackets, serial_glass,
          glass_columns_a, glass_columns_b, kennysheep_generic_room_12
D:7:      layout_loops_cross, dreamdust_princess_bridge, lightli_minifort
D:8:      layout_gridville, serial_bayou_crossing, uniq_gastronok
D:9:      erik_cavepeople, layout_basic, enter_bailey_2, nicolae_titane
D:10:     layout_loops_corners, nemelex_spade_bored_becter,
          nicolae_overflow_hidden_temple, erik_lair_orcish_takeover,
          orc_david_3, uniq_lodul, uniq_sonja
D:11:     layout_basic, portal_ice_cave_entry_ice_simulacra,
          minmay_misc_feat_diagonals, lemuel_flamethrower_2
Temple:   hellmonk_temple_divided_pantheon
IceCv:    ice_cave_tombish

Skill      XL: |  1  2  3  4  5  6  7  8  9 10 11 12 |
---------------+-------------------------------------+-----
Ranged Weapons | 6 7 9 10 12 13 | 13.3
Fighting       | 3 4 5 6 9 10 11 | 11.5
Dodging        | 7 10 | 10.2
Evocations     | 1 8 |  8.5
Invocations    | 3 9 |  9.0
Spellcasting   | 1 |  1.8
Hexes          | 1 |  1.7
Fire Magic     | 1 |  1.7
Stealth        | |  1.3

Action                     |  1- 3 |  4- 6 |  7- 9 | 10-12 || total
---------------------------+-------+-------+-------+-------++-------
  Melee: Shortbow          |       |     1 |       |       ||     1
   Fire: Shortbow          |   102 |   138 |   246 |   189 ||   675
         Sling             |       |       |       |   437 ||   437
 Invoke: Ancestor Life: Kn |       |       |       |     1 ||     1
         Recall Ancestor   |       |       |       |     1 ||     1
  Evoke: Wand              |       |       |       |    21 ||    21
    Use: Scroll            |     6 |     8 |     7 |     8 ||    29
         Potion            |       |     1 |     1 |     5 ||     7
 Armour: Leather armour    |    16 |    39 |    49 |    30 ||   134
         Troll leather arm |       |       |       |    27 ||    27
  Dodge: Dodged            |    38 |    32 |    47 |   127 ||   244

Table legend: (Time is in decaauts)
 A = Elapsed time spent in this place.
 B = Non-inter-level travel time spent in this place.
 C = Inter-level travel time spent in this place.
 D = Time resting spent in this place.
 E = Time spent auto-exploring this place.
 F = Levels seen in this place.
 G = Mean time per level.
                   A        B        C        D        E       F      G
               +--------+--------+--------+--------+--------+-----+--------+
         Total |  11386 |  11089 |    297 |   1224 |   7999 |  14 |  813.3 |
       Dungeon |  10277 |   9999 |    278 |    904 |   7536 |  11 |  934.3 |
        Temple |     36 |     18 |     18 |      0 |      0 |   1 |   36.0 |
        Bailey |    820 |    820 |      0 |    269 |    349 |   1 |  820.0 |
      Ice Cave |    252 |    252 |      0 |     51 |    114 |   1 |  252.0 |
               +--------+--------+--------+--------+--------+-----+--------+

Top non-repeatable levels by time:
     D:6: 1405 daAuts
    D:10: 1292 daAuts
     D:5: 1128 daAuts
     D:8: 988 daAuts
     D:7: 987 daAuts
     D:2: 981 daAuts
     D:9: 898 daAuts
     D:4: 836 daAuts
  Bailey: 820 daAuts
     D:3: 783 daAuts
     D:1: 758 daAuts
   IceCv: 252 daAuts
    D:11: 216 daAuts
  Temple: 36 daAuts
